 Dungeon Crawl Stone Soup version 0.28-a0-1235-g7c8fac35f0 (webtiles) character file.

Game seed: 7022361974050333365

545 ChaosChampion the Insei (level 7, 0/43 HPs)
             Began as an Octopode Transmuter on Dec 25, 2021.
             Slain by Eustachio (9 damage)
             ... on level 4 of the Dungeon.
             The game lasted 00:04:58 (4127 turns).

ChaosChampion the Insei (Octopode Transmuter)       Turns: 4127, Time: 00:04:58

Health: 0/43       AC:  2    Str:  9    XL:     7   Next: 27%
Magic:  7/10       EV: 19    Int: 18    God:
Gold:   153        SH:  0    Dex: 17    Spells: 0/10 levels left

rFire   . . .      SeeInvis .     - Unarmed
rCold   . . .      Faith    .   (shield currently unavailable)
rNeg    . . .      Spirit   .   (helmet currently unavailable)
rPois   x          Reflect  .   (no amulet)
rElec   .          Harm     .   (no ring)
rCorr   .          Rampage  .   (no ring)
Will    .....                   (no ring)
Stlth   ++........              (no ring)
HPRegen 0.14/turn               (no ring)
MPRegen 0.12/turn               (no ring)
                                (no ring)
                                (no ring)

@: spider-form (expiring), wereblooded
A: venomous fangs, almost no armour, (amphibious), 8 rings, tiny, (camouflage
1), (gelatinous body 1), (nimble swimmer 1), (tentacles)
a: End Transformation


You were on level 4 of the Dungeon.
You were a venomous arachnid creature.
You visited 1 branch of the dungeon, and saw 4 of its levels.

You collected 153 gold pieces.

Inventory:

Missiles
 b - 11 poisoned darts (quivered)
Jewellery
 k - a +6 ring of dexterity
Scrolls
 a - a scroll of summoning {unknown}
 f - a scroll of teleportation {unknown}
 g - 5 scrolls of identify {unknown}
 i - a scroll of amnesia {unknown}
Potions
 c - 3 potions of curing {unknown}
 d - 2 potions of might {unknown}
 e - a potion of flight {unknown}
 h - a potion of attraction {unknown}
 j - a potion of degeneration {unknown}


   Skills:
 - Level 1.0 Fighting
 - Level 2.0 Dodging
 * Level 6.8 Unarmed Combat
 - Level 2.0 Spellcasting
 + Level 4.6 Transmutations
 + Level 0.3 Ice Magic
 + Level 0.4 Poison Magic


You couldn't memorise any spells.
You knew the following spells:

 Your Spells              Type           Power      Damage    Failure   Level
a - Beastly Appendage     Tmut           36%        N/A       10%         1
b - Wereblood             Tmut           18%        N/A       13%         2
c - Spider Form           Tmut/Pois      11%        N/A       38%         3
d - Ice Form              Ice/Tmut       10%        N/A       75%         4

Your spell library contained the following spells:

 Spells                   Type           Power      Damage    Failure   Level
 Foxfire                  Conj/Fire      4%         2x1d4     38%         1


Dungeon Overview and Level Annotations

Branches:
Dungeon (4/15)
 Temple: D:4-7

Altars:

Annotations:
D:4 Eustachio


Innate Abilities, Weirdness & Mutations

You are a venomous arachnid creature.
You have poisonous fangs.
You are tiny and dextrous.
Your spellcasting is less reliable in this form.
Your armour is entirely melded.
You are incapable of wielding weapons or throwing items.
You cannot wear most types of armour.
((You are amphibious.))
You can wear up to eight rings at the same time.
((Your skin changes colour to match your surroundings (Stealth+).))
((Your rubbery body absorbs attacks. (AC +1, EV +1)))
((You are camouflaged when in or above water. (Stealth+)))
((You have tentacles for arms and can constrict up to eight enemies at once.))


Message History

Eustachio is lightly wounded.
The ufetubus barely misses you. The ufetubus closely misses you.
The ufetubus hits you but does no damage.
The ufetubus misses you. Eustachio misses you. The ufetubus closely misses you.
The ufetubus misses you. x2; The ufetubus closely misses you.
You hit Eustachio.
Eustachio looks as sick as possible!
Eustachio is moderately wounded.
The crimson imp completely misses you. Eustachio completely misses you.
The ufetubus barely misses you. x2; The ufetubus closely misses you.
The ufetubus completely misses you.
You hit Eustachio but do no damage.
Eustachio looks as sick as possible!
Eustachio is moderately wounded.
The ufetubus hits you. The ufetubus closely misses you.
The ufetubus hits you. x2
The crimson imp completely misses you.
Eustachio casts a spell.
Eustachio blinks!
The ufetubus closely misses you. x2
You hit Eustachio.
Eustachio looks as sick as possible!
Eustachio is heavily wounded.
The ufetubus closely misses you. The ufetubus completely misses you.
The crimson imp hits you. Eustachio hits you with a +0 rapier.
The ufetubus barely misses you. The ufetubus closely misses you.
The ufetubus hits you. The ufetubus completely misses you.
Eustachio completely misses you.
Eustachio gestures wildly while chanting.
The ufetubus completely misses you. The ufetubus closely misses you.
Your transformation is almost over.
The ufetubus hits you but does no damage.
The ufetubus misses you.
You closely miss Eustachio.
Eustachio is severely wounded.
The crimson imp blinks!
The ufetubus hits you. The ufetubus barely misses you.
Eustachio barely misses you.
You bite Eustachio!
Eustachio looks as sick as possible!
Eustachio is almost dead.
The ufetubus hits you.
* * * LOW HITPOINT WARNING * * *
The ufetubus hits you.
* * * LOW HITPOINT WARNING * * *
Eustachio hits you with a +0 rapier!
You die...

#.....#
##..#### ##..
##)....# ##.)##
#..# #.....##
##..#####..#
#....>#
##...#...#
#.....# ###
##5...###
#....##
#.####r...##
#....#
##.##b5ยง#...#
##..##
##...r@.###..##
#
##..###....s5##
##..#.#
##..##....###
##...#
##.##....#
##...#
#.......# .g.#
##......# ...#
##.##..# .5..#
###.###.#
.....# ###...#
### ......#
#.....# ..###..


You could see Eustachio (extremely poisoned), a crimson imp (summoned), a river
rat (summoned), 2 ufetubi, a quokka (summoned) and a bat (summoned).

Vanquished Creatures
  Sigmund (D:2)
  A sky beast (D:2)
  A necrophage (D:4)
  Jessica (D:2)
  A gnoll shaman (D:4)
  7 adders
  4 gnolls
  3 worms (D:2)
  A dart slug (D:1)
  4 ball pythons
  4 bats
  5 endoplasms
  A goblin (D:3)
  8 hobgoblins
  3 jackals (D:3)
  2 quokkas
  2 frilled lizards
  3 kobolds
  4 rats
56 creatures vanquished.

Notes
Turn   | Place    | Note
-------+----------+-------------------------------------------
     0 | D:1      | ChaosChampion the Octopode Transmuter began the quest for
                  | the Orb.
     0 | D:1      | Reached XP level 1. HP: 13/13 MP: 3/3
   182 | D:1      | Found a faded altar of an unknown god.
   189 | D:1      | Got Plato's Almanac of the Blaze
   382 | D:1      | Reached XP level 2. HP: 15/18 MP: 5/5
   654 | D:2      | Noticed Sigmund
   844 | D:2      | Noticed Jessica
   852 | D:2      | Killed Jessica
   853 | D:2      | Reached skill level 4 in Unarmed Combat
   853 | D:2      | Reached XP level 3. HP: 15/23 MP: 4/6
   856 | D:2      | Learned a level 2 spell: Wereblood
   895 | D:2      | Learned a level 3 spell: Spider Form
   910 | D:2      | Killed Sigmund
   911 | D:2      | Reached skill level 5 in Unarmed Combat
   911 | D:2      | Reached XP level 4. HP: 23/28 MP: 2/7
   911 | D:2      | Reached XP level 5. HP: 27/33 MP: 2/8
  1632 | D:3      | Noticed a sky beast
  1986 | D:2      | Killed a sky beast
  1987 | D:2      | Reached skill level 6 in Unarmed Combat
  1987 | D:2      | Reached XP level 6. HP: 15/38 MP: 6/9
  3356 | D:4      | Noticed a necrophage
  3365 | D:4      | Killed a necrophage
  3366 | D:4      | Reached XP level 7. HP: 34/43 MP: 4/10
  3371 | D:4      | Learned a level 4 spell: Ice Form
  4104 | D:4      | Noticed Eustachio
  4127 | D:4      | Slain by Eustachio

Illustrated notes

Levels and vault maps discovered:
D:1:      minmay_arrival_plants_in_alcoves, layout_basic,
          shapermc_ecumenical_altar_rom_forum
D:2:      layout_basic, uniq_sigmund, uniq_jessica
D:3:      layout_basic, hex_large, st_stairs_14
D:4:      layout_cave_pods, ebering_ghost_disaster_area, uniq_eustachio

Skill      XL: |  1  2  3  4  5 |
---------------+----------------+-----
Unarmed Combat | 4 5 6 |  6.8
Transmutations | 3 4 |  4.6
Fighting       | |  1.0
Dodging        | |  2.0
Spellcasting   | |  2.0
Ice Magic      | |  0.3
Poison Magic   | |  0.4

Action                   |  1- 3 |  4- 6 |  7- 9 || total
-------------------------+-------+-------+-------++-------
Melee: Unarmed           |    37 |    87 |    27 ||   151
       Tentacles         |     9 |     6 |     1 ||    16
       Constrict         |     8 |    12 |       ||    20
       Kick              |     3 |     1 |       ||     4
       Punch             |     1 |     1 |       ||     2
 Cast: Beastly Appendage |     2 |     6 |     1 ||     9
       Spider Form       |     1 |     7 |     4 ||    12
       Wereblood         |       |     7 |     5 ||    12
 Stab: Sleeping          |     4 |     6 |       ||    10
Armor: Skin              |       |     4 |     2 ||     6
Dodge: Dodged            |    19 |    55 |    64 ||   138

Table legend: (Time is in decaauts)
 A = Elapsed time spent in this place.
 B = Non-inter-level travel time spent in this place.
 C = Inter-level travel time spent in this place.
 D = Time resting spent in this place.
 E = Time spent auto-exploring this place.
 F = Levels seen in this place.
 G = Mean time per level.
                   A        B        C        D        E       F      G
               +--------+--------+--------+--------+--------+-----+--------+
         Total |   4115 |   3981 |    134 |    846 |   2425 |   4 | 1028.8 |
       Dungeon |   4115 |   3981 |    134 |    846 |   2425 |   4 | 1028.8 |
               +--------+--------+--------+--------+--------+-----+--------+

Top non-repeatable levels by time:
     D:3: 1481 daAuts
     D:2: 1347 daAuts
     D:1: 833 daAuts
     D:4: 452 daAuts
